 Dungeon Crawl Stone Soup version 0.26.1-11-gd32895ea62 (webtiles) character file.

Game seed: 7311234032018497781

109 nomophobia the Vexing (level 5, -3/30 HPs)
             Began as a Kobold Arcane Marksman on May 18, 2021.
             Slain by Sigmund
             ... wielding a +2 scythe of freezing
              (4 damage)
             ... on level 2 of the Dungeon.
             The game lasted 00:24:51 (1910 turns).

nomophobia the Vexing (Kobold Arcane Marksman)      Turns: 1910, Time: 00:24:52

Health: -3/30      AC:  4    Str:  8    XL:     5   Next: 13%
Magic:  8/8        EV: 16    Int: 14    God:
Gold:   83         SH:  0    Dex: 16    Spells: 3/8 levels left

rFire    . . .     SeeInvis .   a - +0 hand crossbow
rCold    . . .     Faith    .   (shield restricted)
rNeg     . . .     Spirit   .   e - +2 robe
rPois    .         Reflect  .   (no helmet)
rElec    .         Harm     .   (no cloak)
rCorr    .         Rampage  .   (no gloves)
Will     .....                  (no boots)
Stlth    +++.......             (no amulet)
HPRegen  0.10/turn              l - ring of stealth
MPRegen  0.11/turn              (no ring)

@: confused
A: small, nightstalker 3
a: no special abilities


You were on level 2 of the Dungeon.
You visited 1 branch of the dungeon, and saw 2 of its levels.

You collected 83 gold pieces.

Inventory:

Hand Weapons
 a - a +0 hand crossbow (weapon)
 k - a +0 dagger of electrocution
Missiles
 d - 2 bolts (quivered ammo)
Armour
 e - a +2 robe (worn)
Jewellery
 g - an uncursed ring of fire
 l - a ring of stealth (left hand)
Wands
 b - a wand of polymorph (10)
Scrolls
 c - a scroll of remove curse {unknown}
 f - 3 scrolls of teleportation {unknown}
Potions
 j - a potion of might {unknown}


   Skills:
 + Level 2.3 Fighting
 + Level 3.3 Crossbows
 + Level 3.3 Dodging
 + Level 2.2 Spellcasting
 + Level 3.5 Hexes


You had 3 spell levels left.
You knew the following spells:

 Your Spells              Type           Power        Failure   Level
a - Corona                Hex            12%          5%          1
b - Leda's Liquefaction   Hex/Erth       3%           73%         4

Your spell library contained the following spells:

 Spells                   Type           Power        Failure   Level
 Slow                     Hex            11%          9%          2
 Inner Flame              Hex/Fire       6%           32%         3
 Portal Projectile        Hex/Tloc       12%          32%         3
 Cause Fear               Hex            5%           47%         4


Dungeon Overview and Level Annotations

Branches:
Dungeon (2/15)

Altars:

Annotations:
D:2 Sigmund


Innate Abilities, Weirdness & Mutations

You are small and have problems with some larger weapons.
You are completely attuned to the shadows.


Message History

You shoot a bolt. The bolt hits the bat.
You kill the bat!
You shoot a bolt.
The bolt hits Sigmund but does no damage.
Sigmund points at you and mumbles some strange words.
You are confused.
Sigmund hits you from afar with a +2 scythe of freezing!
Sigmund freezes you.
You shoot a bolt. You shoot a bolt.
Sigmund hits you from afar with a +2 scythe of freezing!
Sigmund freezes you.
* * * LOW HITPOINT WARNING * * *
You shoot a bolt. Sigmund barely misses you.
You shoot a bolt. Sigmund hits you but does no damage.
You shoot a bolt.
Sigmund hits you from afar with a +2 scythe of freezing!
* * * LOW HITPOINT WARNING * * *
Sigmund freezes you.
You die...

#.#
#.###.##
###.###
##.#..#
#.....#
#....##
#....##
##.....
####....#
######
#.....###
#.#####.
#.###...
#.'@.@..
#####...
###. #.#
####
#.###
#..#
#...##
##.#
####.#
#.# #.##
#.# #..#
#.# #


You could see Sigmund.

Vanquished Creatures
  Terence (D:2)
  Jessica (D:2)
  An adder (D:2)
  A worm (D:2)
  3 dart slugs
  2 leopard geckos (D:1)
  3 giant cockroaches
  4 goblins
  6 hobgoblins
  3 ball pythons
  6 bats
  A frilled lizard (D:2)
  4 kobolds (D:1)
  2 rats (D:1)
38 creatures vanquished.

Notes
Turn   | Place    | Note
-------+----------+-------------------------------------------
     0 | D:1      | nomophobia the Kobold Arcane Marksman began the quest for
                  | the Orb.
     0 | D:1      | Reached XP level 1. HP: 12/12 MP: 2/2
   187 | D:1      | Reached XP level 2. HP: 16/16 MP: 3/3
   639 | D:1      | Reached XP level 3. HP: 20/20 MP: 5/5
  1319 | D:2      | Noticed Terence
  1355 | D:2      | Killed Terence
  1356 | D:2      | Reached XP level 4. HP: 20/26 MP: 5/7
  1497 | D:2      | Noticed Jessica
  1503 | D:2      | Learned a level 4 spell: Leda's Liquefaction
  1509 | D:2      | Killed Jessica
  1510 | D:2      | Reached XP level 5. HP: 30/30 MP: 8/8
  1901 | D:2      | Noticed Sigmund
  1910 | D:2      | HP: 1/30 [Sigmund/+2 scythe of freezing (7)]
  1910 | D:2      | Slain by Sigmund

Illustrated notes

Levels and vault maps discovered:
D:1:      kennysheep_arrival_seaside, layout_basic, minmay_tromino_mix6
D:2:      layout_loops_ring, minmay_overflow_temple_star_quad, uniq_terence,
          uniq_jessica, uniq_sigmund

Skill      XL: |  1  2  3 |
---------------+----------+-----
Crossbows      | 3 |  3.3
Dodging        | 3 |  3.3
Fighting       | 2 |  2.3
Spellcasting   | 2 |  2.2
Hexes          | |  3.5

Action                   |  1- 3 |  4- 6 || total
-------------------------+-------+-------++-------
Melee: Dagger            |    16 |     2 ||    18
       Unarmed           |       |     2 ||     2
 Fire: Hand crossbow     |    73 |    21 ||    94
  Use: Scroll            |     5 |       ||     5
       Potion            |     2 |       ||     2
Armor: Robe              |     9 |     1 ||    10
Dodge: Dodged            |    42 |    10 ||    52
